 Dungeon Crawl Stone Soup version 0.29.1-2-gbd0b4ee654 (webtiles) character file.

Game seed: 13569033323595600620

58814 fleeber the Severer (level 14, -1/129 HPs)
             Began as a Minotaur Berserker on Oct 31, 2022.
             Was a High Priest of Trog.
             Killed from afar by a will-o-the-wisp (11 damage)
             ... with a foxfire
             ... on level 3 of the Abyss.
             The game lasted 01:14:15 (22305 turns).

fleeber the Severer (Minotaur Berserker)           Turns: 22305, Time: 01:14:16

Health: -1/129     AC: 22    Str: 27    XL:     14   Next: 50%
Magic:  0/4        EV: 15    Int:  4    God:    Trog [*****.]
Gold:   1325       SH:  0    Dex: 10    Spells: 13/13 levels left

rFire   . . .      SeeInvis .   T - +4 battleaxe (antimagic)
rCold   + . .      Faith    .   (shield currently unavailable)
rNeg    . . .      Spirit   +   x - +0 plate armour
rPois   +          Reflect  .   (helmet restricted)
rElec   .          Harm     .   N - +1 cloak
rCorr   +          Rampage  .   R - +0 pair of gloves
Will    .....                   u - +0 pair of boots
Stlth   ..........              M - amulet of Caseesad {Spirit rPois rC+ Will-}
HPRegen 0.31/turn               K - ring of resist corrosion
MPRegen 0.09/turn               H - +4 ring of evasion

@: slowed, very slow
A: horns 2, retaliatory headbutt
a: Renounce Religion, Berserk, Trog's Hand, Brothers in Arms


You were on level 3 of the Abyss.
You worshipped Trog.
Trog was extremely pleased with you.
You visited 2 branches of the dungeon, and saw 16 of its levels.
You visited the Abyss 1 time.

You collected 1325 gold pieces.

Inventory:

Hand Weapons
 E - a +3 battleaxe of freezing
 G - a +5 war axe of freezing
 T - a +4 antimagic battleaxe (weapon)
Missiles
 i - 143 stones (quivered)
 S - a throwing net
Armour
 u - a +0 pair of boots (worn)
 x - a +0 plate armour (worn)
 N - a +1 cloak (worn)
 R - a +0 pair of gloves (worn)
Jewellery
 H - a +4 ring of evasion (right hand)
 K - a ring of resist corrosion (left hand)
 M - the amulet of Caseesad (around neck) {Spirit rPois rC+ Will-}
   (You found it on level 2 of the Dungeon)

   [amulet of guardian spirit]

   It causes incoming damage to be divided between your reserves of health and
   magic.
   rC:        It protects you from cold.
   rPois:     It protects you from poison.
   Will:      It decreases your willpower.
 Q - a ring of protection from cold
Wands
 q - a wand of flame (10)
 A - a wand of roots (16)
 C - a wand of quicksilver (10)
 P - a wand of mindburst (7)
Scrolls
 a - 2 scrolls of brand weapon
 b - 6 scrolls of teleportation
 h - 6 scrolls of identify
 l - a scroll of blinking
 r - a scroll of torment
 s - a scroll of silence
 t - 2 scrolls of poison
 v - a scroll of vulnerability
 w - 2 scrolls of amnesia
 y - 2 scrolls of enchant weapon
 z - a scroll of summoning
 B - 3 scrolls of enchant armour
 D - 2 scrolls of fog
 F - a scroll of noise
 J - 2 scrolls of immolation
 O - a scroll of acquirement {unknown}
Potions
 c - 5 potions of ambrosia
 d - 2 potions of heal wounds
 e - 4 potions of curing
 f - 5 potions of attraction
 g - 2 potions of degeneration {unknown}
 j - 5 potions of brilliance {unknown}
 k - a potion of flight {unknown}
 m - 7 potions of might
 n - a potion of mutation {unknown}
 o - 5 potions of invisibility
 p - a potion of experience {unknown}
 I - 2 potions of magic {unknown}
 L - a potion of berserk rage {unknown}


   Skills:
 + Level 13.2 Fighting
 + Level 19.0 Axes
 + Level 14.3 Armour
 * Level 10.4 Dodging
 * Level 8.3 Evocations


You had 13 spell levels left.
You didn't know any spells.
Your spell library was empty.

Dungeon Overview and Level Annotations

Branches:
Dungeon (11/15)            Temple (0/1) D:6            Lair (5/5) D:11
 Shoals (0/4) Lair:3        Snake (0/4) Lair:2        Slime (0/5) Lair:5
    Orc (0/2) D:10

Altars:
Gozag
Okawaru
Uskayaw
Wu Jian
Xom
Yredelemnul
Zin
Jiyva

Shops:
D:2 :   D:4 ?

Annotations:
Lair:5 exclusion: oklob plant


Innate Abilities, Weirdness & Mutations

You have a pair of horns on your head.
You reflexively headbutt those who attack you in melee.


Message History

You feel better.
You are covered in liquid flames!
* * * LOW HITPOINT WARNING * * *
You are no longer on fire.
You start resting.
A white draconian comes into view. It is wielding a +0 halberd.
The white draconian roars!
The white draconian breathes frost at you.
The blast of cold misses you.
The white draconian breathes frost at you.
The blast of cold misses you.
The white draconian hits you but does no damage.
You cut the white draconian into ribbons!!!
The white draconian is moderately wounded.
You hear a chilling moan.
The white draconian hits you with a +0 halberd.
* * * LOW HITPOINT WARNING * * *
You closely miss the white draconian.
Your headbutt misses the white draconian.
The white draconian is moderately wounded.
The white draconian misses you.
You slice the white draconian!!
Your headbutt misses the white draconian.
The white draconian is severely wounded.
You hear a chilling moan.
You hear a faint skittering sound.
The white draconian breathes frost at you.
The blast of cold hits you. You resist.
* * * LOW HITPOINT WARNING * * *
You barely miss the white draconian.
The white draconian is severely wounded.
A will-o-the-wisp comes into view.
The white draconian closely misses you.
The will-o-the-wisp gestures.
The will-o-the-wisp conjures some foxfire!
The white draconian hits you but does no damage. 2 foxfires come into view.
You barely miss the white draconian. You headbutt the white draconian.
The white draconian is severely wounded.
The foxfire hits you!
You die...

#...###. #
#...... #.
##......##
.##.#.§§...#
..#.#v#..# .#.
#.#.#§...#...#
#.##§.......#
#..#v...###
#..@d.....#
#..#....#....#
#.#.##..#####.#
#.#. ..... .. .
.#.#.....# #
...# .....##..
#.#. # #..## ..
... ..#


You could see a white draconian and a will-o-the-wisp.

Vanquished Creatures
  A lich (Abyss:3)
  A tentacled starspawn (Abyss:3)
  Gastronok (Lair:3)
  A rakshasa (Abyss:3)
  2 boulder beetles
  8 hydras
  A two-headed ogre (D:10)
  Sonja (Lair:4)
  A fire crab (Lair:4)
  A shadow wraith (Abyss:3)
  A skeletal warrior (D:11)
  The ghost of GloriousHammer the Covert, a novice VSBr of Uskayaw (Lair:1)
  A lindwurm (Lair:2)
  A phantasmal warrior (Abyss:3)
  An orc sorcerer (D:10)
  A manticore (D:11)
  12 elephants
  A merfolk siren (Lair:3)
  2 black mambas
  An apocalypse crab (Abyss:3)
  9 cane toads
  2 gargoyles (D:11)
  A kobold demonologist (D:11)
  6 rime drakes
  A freezing wraith (Abyss:3)
  An efreet (Abyss:3)
  7 komodo dragons
  A merfolk (Lair:3)
  6 trolls
  6 polar bears
  5 hornets
  A queen bee (Lair:1)
  Prince Ribbit (D:9)
  9 dream sheep
  2 shadows
  A small abomination (Abyss:3)
  Sigmund (D:5)
  31 yaks
  A large abomination (Abyss:3)
  7 wyverns
  2 wraiths
  3 basilisks
  A steam dragon (D:5)
  3 vampire mosquitoes (D:10)
  6 nagas (Lair:2)
  17 water moccasins
  A hell hound (Lair:5)
  5 orc warriors
  2 sky beasts (D:7)
  7 black bears
  3 ice beasts (D:7)
  17 wolves
  An ogre (D:5)
  7 centaurs
  3 phantoms
  5 kobold brigands
  9 bullfrogs
  2 necrophages
  11 wights
  15 killer bees
  3 howler monkeys
  2 electric eels (Lair:2)
  A quasit (Abyss:3)
  4 orc priests
  12 jellies
  2 gnoll boudas
  5 hounds
  5 iguanas
  9 orc wizards
  4 hell rats (Lair:1)
  2 ogre zombies (D:10)
  Robin (D:2)
  12 gnolls
  2 adders
  A river rat (D:3)
  2 shadow imps
  2 white imps
  2 ufetubi
  2 dart slugs
  37 orcs
  A bat (D:3)
  13 endoplasms
  5 giant cockroaches
  18 goblins
  9 hobgoblins
  11 jackals
  5 quokkas
  5 ball pythons
  4 frilled lizards
  A hobgoblin zombie (D:10)
  19 kobolds
  An orc skeleton (D:10)
  6 orc zombies (D:10)
  3 rats
  A spectral goblin (D:1)
  2 starspawn tentacles (Abyss:3)
473 creatures vanquished.

Vanquished Creatures (collateral kills)
  A frost giant (D:11)
  A war gargoyle (D:11)
  2 hydras (Lair:1)
  A death knight (Abyss:3)
  A catoblepas (Lair:4)
  A flayed ghost (Abyss:3)
  2 elephants (Lair:4)
  A black mamba (Lair:4)
  Psyche (D:10)
  A kobold demonologist (D:7)
  A freezing wraith (Abyss:3)
  A slime creature (D:7)
  A wraith (Abyss:3)
  7 yaks (Lair:4)
  A phantom (D:10)
  A kobold brigand (D:7)
  2 troll zombies (D:10)
  A killer bee (Lair:1)
  A jelly (D:7)
  2 ogre zombies (D:10)
  A goblin zombie (D:10)
  A hobgoblin skeleton (D:10)
  A hobgoblin zombie (D:10)
  3 kobolds (D:7)
  2 orc skeletons (D:10)
  6 orc zombies (D:10)
44 creatures vanquished.

Vanquished Creatures (others)
  61 fungi
  126 plants
  2 starspawn tentacles (Abyss:3)
189 creatures vanquished.

Grand Total: 706 creatures vanquished

Notes
Turn   | Place    | Note
-------+----------+-------------------------------------------
     0 | D:1      | fleeber the Minotaur Berserker began the quest for the Orb.
     0 | D:1      | Reached XP level 1. HP: 19/19 MP: 0/0
   361 | D:1      | Reached skill level 4 in Axes
   361 | D:1      | Reached XP level 2. HP: 15/27 MP: 1/1
   832 | D:1      | Found a faded altar of an unknown god.
  1658 | D:2      | Reached XP level 3. HP: 27/33 MP: 2/2
  1731 | D:2      | Noticed Robin
  1745 | D:2      | Killed Robin
  1747 | D:2      | Reached ** piety under Trog
  1917 | D:2      | Identified the +1 ring mail of Starshine {Stlth+}
  1970 | D:2      | Identified the amulet of Caseesad {Spirit rPois rC+ Will-}
  2230 | D:2      | Reached XP level 4. HP: 41/41 MP: 3/3
  2230 | D:2      | Found Seukhaom's Book Shop.
  2423 | D:3      | Reached skill level 5 in Axes
  2464 | D:3      | Found an ornate altar of the Wu Jian Council.
  2780 | D:3      | Found a glowing drain.
  2831 | D:3      | Noticed a black bear
  2853 | D:3      | Killed a black bear
  2854 | D:3      | Reached XP level 5. HP: 47/47 MP: 4/4
  3090 | D:4      | Reached skill level 6 in Axes
  3119 | D:4      | Found a hide-covered altar of Uskayaw.
  3164 | D:4      | Reached *** piety under Trog
  3314 | D:4      | Found an opulent altar of Gozag.
  3345 | D:4      | Reached XP level 6. HP: 55/55 MP: 5/5
  3387 | D:4      | Found Orchiff's Magic Scroll Boutique.
  3413 | D:4      | Reached skill level 5 in Fighting
  3556 | D:4      | Found a glowing silver altar of Zin.
  3571 | D:4      | Identified the +6 dagger of Hawyofi {flame, rPois rF-
                  | Dex+4}
  3688 | D:5      | Entered Level 5 of the Dungeon
  3887 | D:5      | Reached skill level 7 in Axes
  4035 | D:5      | Reached XP level 7. HP: 61/61 MP: 6/6
  4259 | D:5      | Reached skill level 8 in Axes
  4359 | D:5      | Noticed a steam dragon
  4367 | D:5      | Killed a steam dragon
  4368 | D:5      | Reached skill level 5 in Armour
  4510 | D:5      | Found a shimmering altar of Xom.
  4515 | D:5      | Reached XP level 8. HP: 62/70 MP: 7/7
  4516 | D:5      | Reached skill level 9 in Axes
  4599 | D:5      | Identified the +7 dagger of Collusion {vorpal, Dex+2}
  4620 | D:5      | Noticed Sigmund
  4840 | D:5      | Killed Sigmund
  5345 | D:6      | Reached **** piety under Trog
  5471 | D:5      | Reached skill level 10 in Axes
  6183 | D:6      | Found a staircase to the Ecumenical Temple.
  6597 | D:6      | Found a basalt altar of Yredelemnul.
  6870 | D:7      | Reached XP level 9. HP: 72/79 MP: 8/8
  7212 | D:7      | Reached skill level 11 in Axes
  7415 | D:7      | Noticed a kobold demonologist
  7429 | D:7      | Noticed a hellwing
  7437 | D:7      | Noticed a hellwing
  7438 | D:7      | Killed a kobold demonologist
  7439 | D:7      | Noticed a troll
  7448 | D:7      | Killed a troll
  7449 | D:7      | Reached skill level 12 in Axes
  7657 | D:7      | Noticed a troll
  7665 | D:7      | Killed a troll
  7882 | D:7      | Found an iron altar of Okawaru.
  7952 | D:7      | Reached XP level 10. HP: 90/90 MP: 9/9
  8358 | D:8      | Identified the +7 sling of Corporal Punishment {freeze,
                  | *Corrode rPois Will+}
  8700 | D:8      | Reached skill level 1 in Evocations
  9525 | D:9      | Reached ***** piety under Trog
  9781 | D:9      | Reached skill level 10 in Armour
  9911 | D:9      | Reached skill level 13 in Axes
 10381 | D:9      | Noticed Prince Ribbit
 10388 | D:9      | Killed Prince Ribbit
 10431 | D:10     | Entered Level 10 of the Dungeon
 10505 | D:10     | Noticed an orc sorcerer
 10512 | D:10     | Noticed a sixfirhy
 10513 | D:10     | Killed an orc sorcerer
 10519 | D:10     | Reached skill level 5 in Dodging
 10520 | D:10     | Found a staircase to the Orcish Mines.
 11036 | D:10     | Reached XP level 11. HP: 99/99 MP: 10/10
 11268 | D:11     | Noticed a two-headed ogre
 11521 | D:10     | Killed a two-headed ogre
 11522 | D:10     | Reached skill level 14 in Axes
 11910 | D:11     | Reached skill level 10 in Fighting
 12015 | D:11     | Noticed Psyche
 12062 | D:10     | Killed Psyche
 12594 | D:11     | Found a staircase to the Lair.
 13119 | D:11     | Noticed a frost giant
 13119 | D:11     | Noticed a war gargoyle
 13119 | D:11     | Noticed a skeletal warrior
 13119 | D:11     | Noticed a boulder beetle
 13138 | D:11     | Killed a frost giant
 13139 | D:11     | Reached skill level 15 in Axes
 13148 | D:11     | Killed a war gargoyle
 13168 | D:11     | Noticed a sixfirhy
 13617 | D:11     | Killed a boulder beetle
 13934 | D:11     | Killed a skeletal warrior
 13935 | D:11     | Reached skill level 5 in Evocations
 13935 | D:11     | Reached XP level 12. HP: 74/108 MP: 11/11
 14251 | Lair:1   | Entered Level 1 of the Lair of Beasts
 14797 | Lair:1   | Noticed GloriousHammer's ghost (novice VSBr)
 14805 | Lair:1   | Found a transporter.
 14805 | Lair:1   | Found a transporter.
 14808 | Lair:1   | Noticed a six-headed hydra
 14812 | Lair:1   | Killed a seven-headed hydra
 14816 | Lair:1   | Noticed an eight-headed hydra
 14821 | Lair:1   | Killed a ten-headed hydra
 15607 | Lair:1   | Killed GloriousHammer's ghost
 15608 | Lair:1   | Reached skill level 16 in Axes
 15830 | Lair:2   | Noticed a four-headed hydra
 15976 | Lair:2   | Killed a seven-headed hydra
 16383 | Lair:2   | Noticed a four-headed hydra
 16388 | Lair:2   | Killed a seven-headed hydra
 16778 | Lair:2   | Noticed a four-headed hydra
 16791 | Lair:2   | Killed a 12-headed hydra
 17332 | Lair:2   | Found a staircase to the Snake Pit.
 17772 | Lair:3   | You fall into a shaft and drop 2 floors!
 17772 | Lair:5   | Entered Level 5 of the Lair of Beasts
 17782 | Lair:5   | Reached XP level 13. HP: 104/116 MP: 8/12
 17804 | Lair:5   | Reached skill level 17 in Axes
 18741 | Lair:4   | Noticed Sonja
 18771 | Lair:4   | Killed Sonja
 19396 | Lair:4   | Reached skill level 18 in Axes
 20210 | Lair:3   | Noticed Gastronok
 20222 | Lair:3   | Killed Gastronok
 20410 | Lair:3   | Reached XP level 14. HP: 127/127 MP: 13/13
 20864 | Lair:3   | Found a staircase to the Shoals.
 21005 | Lair:5   | Received a gift from Trog
 21017 | Lair:5   | Reached skill level 10 in Dodging
 21301 | Lair:5   | Found a staircase to the Slime Pits.
 21324 | Lair:5   | Found a viscous altar of Jiyva.
 21859 | Abyss:3  | Cast into level 3 of the Abyss (a wizard)
 22047 | Abyss:3  | Noticed a lich
 22062 | Abyss:3  | Noticed a tentacled starspawn
 22073 | Abyss:3  | Killed a tentacled starspawn
 22077 | Abyss:3  | Killed a lich
 22078 | Abyss:3  | Reached skill level 19 in Axes
 22284 | Abyss:3  | HP: 5/129 [burnt (12)]
 22305 | Abyss:3  | Killed from afar by a will-o-the-wisp

Illustrated notes

Levels and vault maps discovered:
D:1:      scummos_arrival_hexagon, layout_loops_corners,
          dreamdust_ecumenical_altar_drowned_temple, bh_walls_and_bars
D:2:      layout_rooms, serial_shops, shop, serial_glass, glass_columns_a,
          glass_columns_c, glass_columns_a, uniq_robin
D:3:      layout_rooms, pdpol_wu_jian_five_deadly_venoms, gup_sewer_entry_bowl,
          hangedman_decor_diamond_cutter, serial_bayou_crossing
D:4:      layout_rooms, nicolae_uskayaw_dance_hall, grunt_gozag_statues,
          mainiacjoe_overflow_tiny_flanked, serial_shops, nicolae_shop_trees
D:5:      layout_loops_ring, xom_confusion_cloud, serial_bayou_lagoon_b,
          uniq_sigmund
D:6:      layout_layer_cave, mainiacjoe_overflow_six_doors_small,
          minmay_temple_entry_nine_rooms
D:7:      minmay_chambers_of_sevens, layout_basic, okawaru_altar_gauntlet_db,
          lightli_ossuary_entry_decrepit_ruins
D:8:      layout_cave_pools
D:9:      layout_gridville, uniq_prince_ribbit1
D:10:     layout_roguey, zombieorc1_lemuel, serial_corexii_hall,
          chequers_hall_statues_y, chequers_hall_statues_y,
          corexii_hall_statues_deadend, corexii_hall_statues_deadend,
          minmay_misc_feat_tiny
D:11:     layout_irregular_city, due_lair_maze_entry_diamond, wad_scary_box,
          uniq_psyche
Lair:1:   layout_long_grid, gammafunk_ghost_hive, cheibrodos_lair_lostbears
Lair:2:   cheibrodos_lair_overgrown_chateau, layout_regular_city,
          minmay_snake_entry_guardpost_large, grunt_megastairs_1,
          infiniplex_staircase_pool
Lair:3:   layout_loops_ring, elwin_shoals_entry_rooms, uniq_gastronok
Lair:4:   layout_gridlike, serial_bayou_shore_a, grunt_megastairs_2, uniq_sonja
Lair:5:   evil_forest, layout_regular_city, minmay_slime_entry_jelly_boxes
Abyss:3:  base: Ossuary, evilmike_abyss_exit_chaos,
          hangedman_abyss_overflow_altar, nicolae_abyss_rune_left_handed

Skill      XL: |  1  2  3  4  5  6  7  8  9 10 11 12 13 14 |
---------------+-------------------------------------------+-----
Axes           | 4 5 6 7 8 10 12 13 15 16 18 19 | 19.0
Fighting       | 4 5 6 7 8 9 10 11 12 13 | 13.2
Armour         | 3 4 5 7 9 10 11 12 13 14 | 14.3
Dodging        | 3 5 6 8 9 10 | 10.4
Evocations     | 3 5 6 7 8 |  8.3

Action                   |  1- 3 |  4- 6 |  7- 9 | 10-12 | 13-15 || total
-------------------------+-------+-------+-------+-------+-------++-------
Melee: Hand axe          |    77 |    19 |       |       |       ||    96
       Headbutt          |     9 |    16 |    46 |    86 |    77 ||   234
       War axe           |       |    91 |   227 |    44 |       ||   362
       Punch             |       |       |     5 |       |       ||     5
       Battleaxe         |       |       |       |   356 |   369 ||   725
Throw: Stone             |       |       |       |     3 |       ||     3
Invok: Berserk           |     1 |     1 |     1 |       |       ||     3
       Trog's Hand       |       |       |     1 |     2 |     1 ||     4
       Brothers in Arms  |       |       |     2 |     6 |     4 ||    12
  Use: Scroll            |       |       |       |     1 |    19 ||    20
       Potion            |       |       |       |       |     6 ||     6
Armor: Leather armour    |    14 |       |       |       |       ||    14
       Ring mail         |     1 |       |       |       |       ||     1
       Chain mail        |       |    67 |    68 |       |       ||   135
       Plate armour      |       |       |    68 |   231 |   214 ||   513
Dodge: Dodged            |    37 |    60 |    94 |   307 |   246 ||   744
